[Event "Early-Titled-Tuesday-Blitz-April-23-2024"]
[Site "Chess.com"]
[Date "2024.04.23"]
[Round "6"]
[White "AnishOnYoutube"]
[Black "GMAkobianSTL"]
[Result "1-0"]
[WhiteElo "3070"]
[BlackElo "2809"]
[TimeControl "180+1"]
[EndTime "9:08:34 PDT"]
[Termination "AnishOnYoutube won by resignation"]

1. Nf3 d5 2. d4 e6 3. c4 c6 4. b3 f5 5. g3 Nf6 6. Bg2 Bd6 7.
O-O Qe7 8. Bb2 O-O 9. Nc3 Bd7 10. e3 Be8 11. Ne2 Bh5 12. Qc2 Bxf3 13. Bxf3 Nbd7 14.
Bg2 Rac8 15. Nf4 Ne4 16. Nd3 Kh8 17. Qe2 Ba3 18. Rac1 Bxb2 19. Qxb2 a6 20. Rc2 Kg8 21. Rfc1 Rce8 22. b4 Nd6 23. cxd5 exd5 24. a4 Nc4 25. Qb3 b5 26. Ra2 Qd6 27. Nc5 Nxc5 28. bxc5 Qf6 29.
axb5 axb5 30. Ra6 Re6 31. Rxc6 Rxc6 32. Bxd5+ Kh8 33. Qxb5 Rc7 34. Qxc4 g5 35. Bf3 f4 36. exf4 gxf4 37. g4 h5 38. h3 hxg4 39. hxg4 Qh4 40. d5 Qh3 41. Qc3+ Kg8 42. d6 Rcf7 43. d7 Qh4 44. c6 Kh7 45. c7 Rg7 46. Qxg7+ Kxg7 47. c8=Q 1-0

[Event "Early-Titled-Tuesday-Blitz-April-23-2024"]
[Site "Chess.com"]
[Date "2024.04.23"]
[Round "6"]
[White "NovozhilovSemen"]
[Black "David_George21"]
[Result "1-0"]
[WhiteElo "2647"]
[BlackElo "2339"]
[TimeControl "180+1"]
[EndTime "9:08:34 PDT"]
[Termination "NovozhilovSemen won by resignation"]

1. d4 Nf6 2. Nf3 e6 3. e3 d5 4. Bd3 c5 5. b3 Nc6 6. O-O Bd6 7. Bb2 O-O 8. Ne5 Ne4 9. f3 Nf6 10. a3 Qc7 11. f4 Ne4 12. Qf3 f6 13. Nxc6 Qxc6 14.
c4 f5 15. cxd5 exd5 16. Rc1 Qb6 17. Qd1 Be6 18. Nc3 c4 19. Bc2 Rac8 20. b4 a5 21.
Nxe4 fxe4 22. Bc3 axb4 23. axb4 Ra8 24. Ra5 Bxb4 25. Rxa8 Bxc3 26. Rxf8+ Kxf8 27. Rb1 Qc7 28. Qh5 g6 29. Qe5 Qe7 30. Rb6 Bf7 31. Qh8+ Bg8 32. Rf6+ Qxf6 33. Qxf6+ Bf7 34. Qd6+ Kg7 35. Qe5+ Kg8 36.
Qb8+ Kg7 37. Qxb7 Bd2 38. Kf2 c3 39. g4 h5 40. gxh5 gxh5 41. f5 Kf6 42. Bb3 Bg8 43. Bxd5 Bxd5 44. Qxd5 Kg5 45. Qxe4 c2 46. h4+ 1-0

[Event "Early-Titled-Tuesday-Blitz-April-23-2024"]
[Site "Chess.com"]
[Date "2024.04.23"]
[Round "6"]
[White "GlavkonVVS"]
[Black "lucasmito"]
[Result "1-0"]
[WhiteElo "2612"]
[BlackElo "2784"]
[TimeControl "180+1"]
[EndTime "9:08:36 PDT"]
[Termination "GlavkonVVS won by resignation"]

1. c4 e5 2. Nc3 Nf6 3. g3 d5 4. cxd5 Nxd5 5. Bg2 Nf6 6. Nf3 Nc6 7. O-O h6 8. d3 Bc5 9. a3 a5 10. Bd2 O-O 11. Rc1 Re8 12. Na4 Bd6 13.
Nc5 Rb8 14. Qa4 b6 15. Ne4 Nxe4 16. Qxe4 Nd4 17. Nxd4 exd4 18. Qf3 Bb7 19. Qg4 Bxg2 20. Kxg2 Qf6 21. e4 dxe3 22. Bxe3 Qe6 23. Qxe6 Rxe6 24.
d4 Rbe8 25. Rc6 f5 26. Rfc1 b5 27. Ra6 a4 28. Rcc6 g5 29. Ra7 f4 30. gxf4 gxf4 31.
Bd2 f3+ 32. Kxf3 Rf8+ 33. Kg2 Re2 34. Be3 Rxb2 35. Rb7 Rf6 36. Rbxc7 Rg6+ 37. Kf3 Rf6+ 38. Ke4 Bxc7 39. Rxf6 Rb3 40. Rc6 Bxh2 41. Rxh6 Bc7 42. Rc6 Bh2 43. Rb6 Kf7 44. d5 Ke8 45. Bc5 Kd7 46. Bb4 Bg1 47. Rb7+ Kc8 48. Rxb5 Bxf2 49. d6 Re3+ 50. Kd5 Re2 51. Ra5 Rd2+ 52. Bxd2 1-0

[Event "Early-Titled-Tuesday-Blitz-April-23-2024"]
[Site "Chess.com"]
[Date "2024.04.23"]
[Round "6"]
[White "Prizant_academy"]
[Black "Incognito_Knight"]
[Result "1-0"]
[WhiteElo "2942"]
[BlackElo "2743"]
[TimeControl "180+1"]
[EndTime "9:08:37 PDT"]
[Termination "Prizant_academy won by checkmate"]

1. d4 d5 2. c4 e6 3. Nf3 a6 4. e3 Nf6 5. b3 b6 6. Nc3 Bb7 7. Bb2 Nbd7 8. cxd5 exd5 9. g3 Bd6 10.
Bg2 O-O 11. O-O Qe7 12. Ne1 g6 13. Nd3 Ne4 14. Rc1 f5 15. Ne5 Rae8 16. f4 Ndf6 17. Qc2 Rc8 18. Rfd1 Rfd8 19. Qe2 Qe6 20. Na4 Bxe5 21. dxe5 Nd7 22. b4 c5 23. bxc5 bxc5 24.
Nc3 Nb6 25. Nxe4 dxe4 26. Rxd8+ Rxd8 27. Rxc5 Na4 28. Rc2 Qxa2 29. Bd4 Qb1+ 30. Bf1 Bd5 31. e6 Bxe6 32. Qxa6 Rxd4 33. Qxe6+ Kf8 34. Rc8+ Kg7 35.
Qe7+ Kh6 36. Qh4+ Kg7 37. Rc7+ Kf8 38. Qf6+ Ke8 39. Qe7# 1-0

[Event "Early-Titled-Tuesday-Blitz-April-23-2024"]
[Site "Chess.com"]
[Date "2024.04.23"]
[Round "6"]
[White "SirStrateg"]
[Black "Grandelicious"]
[Result "0-1"]
[WhiteElo "2679"]
[BlackElo "2905"]
[TimeControl "180+1"]
[EndTime "9:08:37 PDT"]
[Termination "Grandelicious won by resignation"]

1. e4 c5 2. Nf3 e6 3. d3 Nc6 4. g3 d6 5. Bg2 Be7 6. O-O Nf6 7. Re1 O-O 8. Nbd2 Bd7 9. c3 Ne5 10. Nxe5 dxe5 11. Nc4 Qc7 12. f4 exf4 13. Bxf4 Qc8 14. a4 Bc6 15. Qb3 b6 16. Ne5 Be8 17. a5 b5 18. a6 h6 19. Nf3 c4 20. dxc4 bxc4 21. Qc2 Bb5 22. Nd4 Bc5 23. e5 Nd7 24. Bb7 Bxd4+ 25.
cxd4 Qc7 26. b3 Nb6 27. Ra5 Qd7 28. Qe4 Rad8 29. bxc4 Bxc4 30. Be3 Bd5 31. Qg4 f5 32.
exf6 Rxf6 33. Bxd5 Nxd5 34. Bf2 Rdf8 35. Ra2 Nb4 36. Rd2 Qd5 37. Re5 Qc4 38. Qe4 Qc1+ 39.
Qe1 Qc4 40. Re3 Nc2 41. Qc1 Nxe3 42. Qxc4 Nxc4 0-1

[Event "Early-Titled-Tuesday-Blitz-April-23-2024"]
[Site "Chess.com"]
[Date "2024.04.23"]
[Round "6"]
[White "michaelq2d5"]
[Black "The_Sherman_Variation"]
[Result "1/2-1/2"]
[WhiteElo "2921"]
[BlackElo "2739"]
[TimeControl "180+1"]
[EndTime "9:08:37 PDT"]
[Termination "Game drawn by repetition"]

1. c4 e5 2. Nc3 Nc6 3. Nf3 d6 4. d4 Be7 5. d5 Nb8 6. e4 a5 7.
Be2 f5 8. exf5 Bxf5 9. Bd3 Qd7 10. O-O h6 11. Qc2 Bxd3 12. Qxd3 Qg4 13. h3 Qh5 14. c5 Nd7 15. c6 bxc6 16. dxc6 Nc5 17. Qc4 Nf6 18. Be3 e4 19. Nd2 d5 20. Qb5 Ne6 21. Nb3 O-O 22. Rad1 Rfd8 23. Nd4 Nf8 24.
Nde2 Bd6 25. Ng3 Bxg3 26. fxg3 Ne6 27. Rxf6 gxf6 28. Rxd5 Rxd5 29. Nxd5 Qe5 30. Bf4 Nxf4 31. gxf4 Qd4+ 32. Kh2 e3 33. Kg3 Kf7 34. Qb3 Rg8+ 35. Kh2 Kg7 36. Nxe3 Qxf4+ 37. Kh1 Rd8 38. Qe6 Rf8 39.
Nf5+ Kg6 40. Ne7+ Kh7 41. Nf5 Qc1+ 42. Kh2 Qf4+ 43. Kh1 Rg8 44. Qf7+ Kh8 45. Qxf6+ Kh7 46. Qf7+ Kh8 47. Qf6+ Kh7 48. Qe7+ Kh8 49. Qf6+ 1/2-1/2

[Event "Early-Titled-Tuesday-Blitz-April-23-2024"]
[Site "Chess.com"]
[Date "2024.04.23"]
[Round "6"]
[White "Attacker88"]
[Black "Nf3c5"]
[Result "0-1"]
[WhiteElo "2390"]
[BlackElo "2657"]
[TimeControl "180+1"]
[EndTime "9:08:37 PDT"]
[Termination "Nf3c5 won on time"]

1. e4 c5 2. Nf3 Nc6 3. d4 cxd4 4.
Nxd4 e5 5. Nb5 d6 6. a4 Be6 7. N1c3 a6 8. Na3 Rc8 9. Bc4 Nb4 10. Nd5 Nxd5 11. Bxd5 Bxd5 12. Qxd5 Qc7 13. Bg5 h6 14. Bh4 g5 15. Bg3 Nf6 16. Qd3 Bg7 17. O-O O-O 18.
Rad1 Rfd8 19. b3 Qc6 20. Rfe1 d5 21. exd5 Rxd5 22. Qf5 Re8 23. Nc4 Rxd1 24. Rxd1 e4 25. Rd6 Qc8 26. Rxf6 Bxf6 27. Qxf6 Qe6 28. Qd4 f5 29.
Bc7 b5 30. axb5 axb5 31. Ne3 Re7 32. Nd5 Rf7 33. h4 f4 34. hxg5 hxg5 35. Qc5 Kg7 36. Qd4+ Kg6 37. Qc5 Rd7 38. Nc3 e3 39. fxe3 fxe3 40.
Bg3 e2 0-1

[Event "Early-Titled-Tuesday-Blitz-April-23-2024"]
[Site "Chess.com"]
[Date "2024.04.23"]
[Round "6"]
[White "AljoschaFeuerstack"]
[Black "kidagent"]
[Result "1-0"]
[WhiteElo "2593"]
[BlackElo "2342"]
[TimeControl "180+1"]
[EndTime "9:08:37 PDT"]
[Termination "AljoschaFeuerstack won by resignation"]

1. e4 c6 2. d3 d5 3. Nd2 e5 4. Ngf3 Nd7 5. g3 Ngf6 6. Bg2 Bd6 7. O-O O-O 8. Re1 Re8 9. c3 Qb6 10. h3 Nc5 11. Qc2 Qa6 12. Bf1 Qb6 13. exd5 cxd5 14.
d4 Nce4 15. Nxe4 Nxe4 16. Be3 exd4 17. Bxd4 Qc7 18. Ng5 Bf5 19. Bd3 Nxg5 20. Rxe8+ Rxe8 21.
Bxf5 Nf3+ 22. Kg2 Ne1+ 23. Rxe1 Rxe1 24. Bxh7+ Kf8 25. Qd2 Qe7 26. Bd3 b6 27. Be3 Ra1 28.
a3 Bc5 29. Bf4 Re1 30. Bb5 Qe6 31. Bd3 f6 32. h4 Kf7 33. b4 Be7 34. Bf5 Qxf5 35. Qxe1 a5 36. Qe3 axb4 37. axb4 Qe4+ 38. Qxe4 dxe4 39. Be3 b5 40. g4 Ke6 41. Kg3 Bd6+ 42.
Bf4 g5 43. hxg5 fxg5 44. Bxd6 Kxd6 45. f4 exf3 46. Kxf3 Kd5 47. Ke3 Kc4 48. Kd2 Kb3 49. Kd3 Kb2 50. c4 1-0

[Event "Early-Titled-Tuesday-Blitz-April-23-2024"]
[Site "Chess.com"]
[Date "2024.04.23"]
[Round "6"]
[White "goodluck06"]
[Black "wild3000"]
[Result "1-0"]
[WhiteElo "2680"]
[BlackElo "2488"]
[TimeControl "180+1"]
[EndTime "9:08:38 PDT"]
[Termination "goodluck06 won by checkmate"]

1. c4 e5 2. Nc3 Nc6 3. Nf3 Nf6 4.
e3 g6 5. d4 exd4 6. Nxd4 Bg7 7. Be2 O-O 8. O-O Nxd4 9. exd4 d5 10. Bg5 dxc4 11. Bxc4 h6 12. Bh4 c6 13. Re1 Bf5 14. Qb3 Qb6 15. Re7 g5 16. Bg3 Qxb3 17. Bxb3 b6 18.
Rae1 Rae8 19. h3 Be6 20. Rxa7 Bxb3 21. Rxe8 Rxe8 22. axb3 Re1+ 23. Kh2 Ne4 24. Rd7 Nxg3 25. Kxg3 c5 26. d5 h5 27. Kf3 f5 28. g3 g4+ 29.
hxg4 hxg4+ 30. Kf4 Rf1 31. Kxf5 Rxf2+ 32. Kxg4 Rxb2 33.
Ne4 Rxb3 34. Kf5 Kf8 35. d6 c4 36. Rc7 b5 37. Rc8+ Kf7 38. d7 Rd3 39. d8=Q Rxd8 40. Rxd8 c3 41. Rd7+ Kf8 42. Ke6 Bh6 43. Nxc3 b4 44.
Nd5 b3 45. Nf6 Bg5 46. Rf7# 1-0

[Event "Early-Titled-Tuesday-Blitz-April-23-2024"]
[Site "Chess.com"]
[Date "2024.04.23"]
[Round "6"]
[White "Happy1712Drummer"]
[Black "Pasmendjambvirgulptipon98"]
[Result "0-1"]
[WhiteElo "2504"]
[BlackElo "2363"]
[TimeControl "180+1"]
[EndTime "9:08:38 PDT"]
[Termination "Pasmendjambvirgulptipon98 won by checkmate"]

1. e4 e5 2. Nf3 Nc6 3. Nc3 Nf6 4. d4 exd4 5. Nd5 h6 6. Bf4 d6 7. Nxd4 Nxd4 8. Qxd4 Nxd5 9. exd5 Be7 10. Qxg7 Bf6 11. Qg3 Bxb2 12. Rb1 Qe7+ 13. Be2 Bd4 14. O-O Bf5 15.
Rfe1 Be5 16. Bxe5 dxe5 17. Bb5+ Kf8 18. Rxe5 Qf6 19. Rbe1 c6 20. dxc6 bxc6 21. Bc4 Bxc2 22. R1e3 Rg8 23. Qh3 Rb8 24. Qd7 Rb1+ 25. Bf1 Kg7 26.
Rg3+ Bg6 27. Re7 Rgb8 28. h4 Rxf1+ 29. Kxf1 Rb1+ 30. Ke2 Rb2+ 31. Ke1 Rb1+ 32. Ke2 Rb2+ 33.
Kd1 Rb1+ 34. Kd2 Qb2+ 35. Ke3 Re1+ 36. Kf4 Qf6+ 37. Kg4 Rxe7 38. Qc8 Re4+ 39. Kh3 Rxh4# 0-1

[Event "Early-Titled-Tuesday-Blitz-April-23-2024"]
[Site "Chess.com"]
[Date "2024.04.23"]
[Round "6"]
[White "JJDAREK"]
[Black "Stanbad1"]
[Result "0-1"]
[WhiteElo "2353"]
[BlackElo "2646"]
[TimeControl "180+1"]
[EndTime "9:08:39 PDT"]
[Termination "Stanbad1 won on time"]

1. d4 Nf6 2. c4 c5 3. d5 b5 4. cxb5 a6 5. bxa6 g6 6. Nc3 Bg7 7. Nf3 O-O 8. g3 Qa5 9. Bd2 Bxa6 10. Bg2 d6 11. O-O Nbd7 12. Re1 Rfb8 13. Qc2 Qb6 14.
Rab1 Ng4 15. h3 Nge5 16. b3 Nxf3+ 17. Bxf3 Ne5 18. Bg2 Bc8 19. f4 Nd7 20. Kh2 Qa7 21. e4 Ba6 22. a4 Rb7 23. Bf1 c4 24. b4 Qf2+ 25. Bg2 Rc7 26. b5 Bb7 27. b6 Nxb6 28.
Nb5 Rd7 29. a5 Na4 30. Rf1 Qe2 31. Qxa4 Qxd2 32. Nd4 Rc7 33. Nb5 Rc5 34. Nxd6 Bxd5 35. exd5 exd6 36. a6 Bd4 37. a7 Rcc8 38. Rb7 Qe3 39. Qd7 Rf8 40. f5 Rxa7 41. fxg6 hxg6 42. Rxa7 Bxa7 43. h4 Bd4 44. Qxd6 Be5 0-1

[Event "Early-Titled-Tuesday-Blitz-April-23-2024"]
[Site "Chess.com"]
[Date "2024.04.23"]
[Round "6"]
[White "SahibSinghKnight"]
[Black "Kotofeyca"]
[Result "1-0"]
[WhiteElo "2635"]
[BlackElo "2486"]
[TimeControl "180+1"]
[EndTime "9:08:39 PDT"]
[Termination "SahibSinghKnight won on time"]

1. e4 c5 2. Nf3 d6 3. d4 cxd4 4. Nxd4 Nf6 5. Nc3 a6 6. Be3 e6 7. f3 h5 8. Qd2 b5 9. O-O-O Bb7 10. Kb1 Nbd7 11. Re1 Be7 12. Bd3 Qc7 13. h3 b4 14.
Nce2 d5 15. exd5 Nxd5 16. Bg5 N7f6 17. Nf4 Rd8 18. Nfxe6 fxe6 19. Nxe6 Qb6 20. Nxg7+ Kf7 21. Nf5 Nc3+ 22. Ka1 Rhe8 23. bxc3 bxc3 24. Qxc3 Bb4 25. Nh6+ Kg7 26. Bxf6+ Qxf6 27. Nf5+ Kf7 28. Qxf6+ Kxf6 29. Rxe8 Rxe8 30. Kb2 Bc8 31. Ng3 Be6 32. Nxh5+ Kg5 33.
g4 Rb8 34. h4+ Kh6 35. Kc1 Bc3 36. Rf1 Bxa2 37. Kd1 Re8 38. Bxa6 Bd5 39. Be2 Ra8 40. Bd3 Re8 41. Be4 1-0

[Event "Early-Titled-Tuesday-Blitz-April-23-2024"]
[Site "Chess.com"]
[Date "2024.04.23"]
[Round "6"]
[White "koncheto"]
[Black "scarabee43"]
[Result "1/2-1/2"]
[WhiteElo "2612"]
[BlackElo "2826"]
[TimeControl "180+1"]
[EndTime "9:08:40 PDT"]
[Termination "Game drawn - insufficient material"]

1. e4 c5 2. Nf3 e6 3. d4 cxd4 4. Nxd4 Nc6 5. Nc3 Qc7 6. f4 Nxd4 7. Qxd4 b6 8. Be3 Bb7 9. O-O-O Nf6 10. Be2 Bc5 11.
Qd3 O-O 12. Bf3 Rac8 13. Kb1 d5 14. exd5 Nxd5 15. Nxd5 Bxd5 16. Bxd5 Bxe3 17. Bxe6 fxe6 18. Qxe3 Qxc2+ 19. Ka1 Qxg2 20. Qxe6+ Kh8 21. Rhg1 Qc6 22. Qxc6 Rxc6 23. Rd7 Rg6 24. Rxg6 hxg6 25. Rxa7 g5 26. f5 Rxf5 27. a4 g4 28. Ra6 Rf6 29. b4 Kh7 30.
a5 Rf1+ 31. Kb2 bxa5 32. Rxa5 Rf2+ 33. Kc3 Rxh2 34. Rg5 Rg2 35. b5 Kh6 36. b6 Rg1 37. Rb5 Rc1+ 38. Kd2 Rc8 39. b7 Rb8 40. Ke3 g5 41.
Kf2 Kh5 42. Kg3 Kg6 43. Kxg4 Kf6 44. Rb6+ Ke7 45. Kxg5 Kd7 46. Rb1 Kc7 47. Kf5 Rxb7 48. Rxb7+ Kxb7 1/2-1/2

[Event "Early-Titled-Tuesday-Blitz-April-23-2024"]
[Site "Chess.com"]
[Date "2024.04.23"]
[Round "6"]
[White "NovakRatko"]
[Black "Orest_Vovk"]
[Result "1-0"]
[WhiteElo "2391"]
[BlackElo "2531"]
[TimeControl "180+1"]
[EndTime "9:08:40 PDT"]
[Termination "NovakRatko won on time"]

1. d4 h6 2. c4 g5 3. Nc3 Bg7 4.
e4 c5 5. d5 Bxc3+ 6. bxc3 d6 7.
f4 Qa5 8. Qd3 Nd7 9. fxg5 Ne5 10. Qc2 hxg5 11. Bxg5 Rh5 12. Bf4 Nf6 13. Be2 Bg4 14.
Bxg4 Nexg4 15. Ne2 O-O-O 16. h3 Rg8 17. Ng3 Ne3 18.
Bxe3 Rxg3 19. Kf2 Rxe3 20. Kxe3 Re5 21. Rhe1 Nxe4 22. Kf3 f5 23. g4 Qd8 24. gxf5 Qf8 25. Qxe4 Rxe4 26. Kxe4 Qh8 27. Re3 Qe5+ 28. Kd3 Qxf5+ 29.
Kd2 Qf4 30. Kd3 Qf5+ 31. Kd2 Qf2+ 32. Kd3 b5 33. cxb5 c4+ 34. Kd4 Qd2+ 35. Ke4 Qc2+ 36. Kf3 Qf5+ 37. Ke2 Qxd5 38. Rxe7 Qg2+ 39. Kd1 Qf3+ 40.
Re2 Qf1+ 41. Re1 Qf3+ 42. Kc2 1-0

[Event "Early-Titled-Tuesday-Blitz-April-23-2024"]
[Site "Chess.com"]
[Date "2024.04.23"]
[Round "6"]
[White "Brave_spirit12"]
[Black "Djager97"]
[Result "1-0"]
[WhiteElo "2722"]
[BlackElo "2550"]
[TimeControl "180+1"]
[EndTime "9:08:41 PDT"]
[Termination "Brave_spirit12 won by resignation"]

1. e4 e5 2. Nf3 Nc6 3. d4 exd4 4.
Nxd4 Nf6 5. Nxc6 bxc6 6. e5 Qe7 7. Qe2 Nd5 8. c4 Ba6 9. h4 Nb6 10. b3 O-O-O 11. g3 d5 12. exd6 cxd6 13. Qxe7 Bxe7 14. Bb2 Rhe8 15. Bh3+ Kc7 16. O-O d5 17. Bxg7 dxc4 18. bxc4 Bxc4 19. Rc1 Bxh4 20. Na3 Bd5 21. Nc2 Bg5 22.
Re1 h5 23. Nb4 Bf3 24. Na6+ Kb7 25. Nc5+ Ka8 26. a4 Nd5 27. Rxe8 Rxe8 28. Bd7 Re2 29. Bxc6+ Kb8 30. Na6+ Kc8 31. Rb1 Nb6 32. Bxf3 Ra2 33.
Nc5 Be7 34. Nd3 Rxa4 35. Rc1+ Kd8 36. Ne5 f6 37. Nc6+ Kd7 38. Nxe7 Kxe7 39. Bxh5 Nd5 40. Re1+ Kd6 41. Bf3 Nb4 42. Bxf6 Nc2 43. Bd1 Nxe1 44. Bxa4 a5 45. Bc3 1-0

[Event "Early-Titled-Tuesday-Blitz-April-23-2024"]
[Site "Chess.com"]
[Date "2024.04.23"]
[Round "6"]
[White "Harry_Rakkel"]
[Black "MrVenky"]
[Result "1-0"]
[WhiteElo "2697"]
[BlackElo "2532"]
[TimeControl "180+1"]
[EndTime "9:08:41 PDT"]
[Termination "Harry_Rakkel won on time"]

1. e4 e5 2. Nf3 Nc6 3. Bc4 Nf6 4. Ng5 d5 5. exd5 Na5 6. Bb5+ c6 7. dxc6 bxc6 8. Bd3 h6 9. Ne4 Nd5 10. O-O Be7 11.
Re1 O-O 12. Bf1 f5 13. Nec3 Qc7 14. Nxd5 cxd5 15. Nc3 Bb7 16. d4 e4 17. Nb5 Qd7 18.
Bf4 g5 19. Be5 Nc6 20. Qh5 Nxe5 21. dxe5 Kh7 22. Rad1 Rac8 23. c4 Qe6 24. cxd5 Bxd5 25. Nc3 Bc6 26. Qe2 Qxe5 27. Qa6 Bc5 28. Na4 Bd4 29.
Rd2 e3 30. fxe3 Bxe3+ 31. Kh1 Rfe8 32. Rc2 f4 33. Nc3 f3 34. gxf3 Bxf3+ 35. Bg2 Qf4 36. Qd3+ Kh8 37. Nd5 Bxg2+ 38. Rxg2 Bd4 39. Rd1 1-0

[Event "Early-Titled-Tuesday-Blitz-April-23-2024"]
[Site "Chess.com"]
[Date "2024.04.23"]
[Round "6"]
[White "frequentblunders"]
[Black "Artemiki"]
[Result "0-1"]
[WhiteElo "2216"]
[BlackElo "2460"]
[TimeControl "180+1"]
[EndTime "9:08:41 PDT"]
[Termination "Artemiki won by resignation"]

1. d3 Nf6 2. f4 d5 3. Nf3 c5 4. g3 Nc6 5. Bg2 g6 6. O-O Bg7 7. Nc3 d4 8. Ne4 Nd5 9. Bd2 O-O 10. c4 Ne3 11. Bxe3 dxe3 12. Rb1 b6 13. Qc1 f5 14.
Nc3 Bb7 15. Nd5 Nd4 16. Nxd4 cxd4 17. Nxe3 Bxg2 18. Nxg2 e5 19. fxe5 Bxe5 20. Nf4 Qd7 21. Nd5 Rae8 22. Qg5 Bg7 23. Rbe1 Re6 24. b4 Rfe8 25. Rf2 b5 26. Nf4 Re3 27. h4 bxc4 28. dxc4 d3 29. h5 d2 30. Rd1 Rc3 31. hxg6 h6 32.
Qxf5 Qxf5 33. g4 Qxg4+ 34. Rg2 Qxf4 0-1

[Event "Early-Titled-Tuesday-Blitz-April-23-2024"]
[Site "Chess.com"]
[Date "2024.04.23"]
[Round "6"]
[White "lamomiajunior"]
[Black "ural58"]
[Result "1-0"]
[WhiteElo "2738"]
[BlackElo "2565"]
[TimeControl "180+1"]
[EndTime "9:08:43 PDT"]
[Termination "lamomiajunior won by resignation"]

1. d4 e6 2. Nc3 Bb4 3. Bf4 Nf6 4. Qd3 b6 5. a3 Ba6 6. Qg3 Nh5 7. Qf3 Nxf4 8.
axb4 Nd5 9. Nxd5 exd5 10. Qxd5 c6 11. Qe5+ Kf8 12. Qd6+ Qe7 13. Qxe7+ Kxe7 14. g3 Re8 15. Bg2 Kd8 16. e3 Kc7 17. Kd2 Bb7 18. Ne2 d6 19. Nc3 Nd7 20. b5 c5 21. Nd5+ Kb8 22. Nf4 Bxg2 23. Nxg2 Kb7 24. Rhe1 a5 25. Nf4 Nf6 26. f3 g5 27. Nd3 g4 28. Rf1 Re7 29. fxg4 Nxg4 30. Rae1 Rae8 31. e4 cxd4 32. h3 Ne3 33. Rf6 Rxe4 34. Rxf7+ R8e7 35. Rxe7+ Rxe7 36. b3 Kc7 37. Nf4 Kd7 38. Kd3 Rg7 39. Ne2 h5 40. Rg1 Nf5 41. g4 hxg4 42. hxg4 Nh4 43. Nxd4 Rg5 44. Ke3 Re5+ 45. Kf2 Rd5 46. c3 Rc5 47. c4 a4 48.
Rh1 Ng6 49. Rh7+ Ke8 50. Ne6 Re5 51. Nc7+ Kd8 52. bxa4 Nf4 53. Na8 Nd3+ 54. Kf3 Ne1+ 55. Kg3 Re3+ 56. Kf2 Nc2 57. Nxb6 Re4 58. a5 1-0

[Event "Early-Titled-Tuesday-Blitz-April-23-2024"]
[Site "Chess.com"]
[Date "2024.04.23"]
[Round "6"]
[White "Aryan_Tamadon"]
[Black "Andrey_Klymchuk"]
[Result "0-1"]
[WhiteElo "2627"]
[BlackElo "2695"]
[TimeControl "180+1"]
[EndTime "9:08:43 PDT"]
[Termination "Andrey_Klymchuk won by resignation"]

1. Nf3 g6 2. g3 b6 3. Bg2 Bb7 4. O-O c5 5. a4 Nc6 6. Na3 Bg7 7. Rb1 Nf6 8. c3 O-O 9. b4 cxb4 10. cxb4 Rc8 11.
d3 Nd5 12. Bd2 Nc3 13. Bxc3 Bxc3 14. b5 Na5 15. d4 Be4 16. Rc1 Bb2 17. Rxc8 Qxc8 18.
Nb1 Qc2 19. Nbd2 Qxd1 20. Rxd1 Bc2 21. Re1 d6 22. e3 Bxa4 23. Rb1 Bc3 24. Ne4 Bc2 25.
Nxc3 Bxb1 26. Nxb1 Rc8 27. Nfd2 Nc4 28. Nxc4 Rxc4 29.
Bf1 Rc1 30. Nd2 f5 31. Kg2 Kg7 32. Nb3 Rc3 33. Nd2 e5 34. dxe5 dxe5 35. Nc4 Kf6 36. Nd6 Ke6 37. Nc4 g5 38. h3 h5 39. Nd2 g4 40. hxg4 hxg4 41. e4 f4 42. gxf4 exf4 43.
Nc4 Rb3 44. Nd2 Rb4 45. f3 g3 46. Kh3 Rb2 47. Nc4 Rc2 48. Kg4 g2 49. Bxg2 Rxc4 50. Kxf4 Rc1 51. Bh3+ Ke7 52. e5 Rb1 53. Ke4 Rxb5 54.
f4 a5 55. f5 a4 56. f6+ Kf7 57. Bd7 Ra5 58. Bc6 a3 59. Bd5+ Rxd5 60. Kxd5 a2 61. e6+ Kxf6 62. e7 Kxe7 0-1

[Event "Early-Titled-Tuesday-Blitz-April-23-2024"]
[Site "Chess.com"]
[Date "2024.04.23"]
[Round "6"]
[White "RebelJohnny"]
[Black "ChessSG1"]
[Result "0-1"]
[WhiteElo "2567"]
[BlackElo "2426"]
[TimeControl "180+1"]
[EndTime "9:08:43 PDT"]
[Termination "ChessSG1 won by checkmate"]

1. e4 c5 2. Nf3 g6 3. d4 cxd4 4. Nxd4 Nc6 5. Nc3 Bg7 6. Be3 Nf6 7. Bc4 O-O 8. Bb3 a5 9. O-O Nxd4 10. Bxd4 d6 11.
Qe2 Bd7 12. Rad1 a4 13. Bc4 Qa5 14. Nd5 Nxd5 15. exd5 Bxd4 16. Rxd4 Rfe8 17. a3 Qb6 18. c3 Qc5 19. Re1 b5 20. Ba2 e5 21. dxe6 Bxe6 22.
Re4 d5 23. Re5 Rad8 24. h4 h5 25. Qd2 Kg7 26. Bb1 Qd6 27. Qd4 f6 28. R5e3 Bf7 29. Qd3 Rxe3 30. Rxe3 d4 31. cxd4 Qxd4 32. Qxd4 Rxd4 33.
Bd3 b4 34. axb4 Rxb4 35. Re2 Rxh4 36. g3 Rd4 37. Bb5 Rb4 38. Bc6 Bc4 39. Re4 f5 40.
Rd4 a3 41. bxa3 Rb1+ 42. Kh2 Be6 43. a4 Kf6 44. a5 Ra1 45. Ba4 Ke5 46. Rb4 Bd5 47.
a6 Rh1# 0-1

[Event "Early-Titled-Tuesday-Blitz-April-23-2024"]
[Site "Chess.com"]
[Date "2024.04.23"]
[Round "6"]
[White "ViIIagra"]
[Black "luckyswitchback"]
[Result "1-0"]
[WhiteElo "2932"]
[BlackElo "2723"]
[TimeControl "180+1"]
[EndTime "9:08:46 PDT"]
[Termination "ViIIagra won by checkmate"]

1. g3 d5 2. Bg2 e5 3. d3 c5 4. e4 d4 5. f4 Nc6 6. Nf3 Bd6 7. O-O Nge7 8. Na3 exf4 9. gxf4 f5 10. Nc4 fxe4 11. dxe4 O-O 12. f5 Bc7 13. a4 b6 14. Ra3 Ba6 15. b3 Kh8 16. Ng5 Ng8 17. Ne6 Qe7 18. Bg5 Qf7 19. Rf2 Rfe8 20. Nxc7 Qxc7 21. Bf4 Qd7 22. Nd6 Rf8 23. b4 d3 24.
b5 dxc2 25. Rxc2 Nd4 26. bxa6 Nxc2 27. Qxc2 Rad8 28. e5 Qe7 29. Qe4 Nh6 30. f6 Qc7 31.
Rg3 Rg8 32. fxg7+ Rxg7 33. Bxh6 Rxg3 34. hxg3 c4 35. Bg5 c3 36. Bf6+ Kg8 37. Qg4+ Kf8 38.
Bxd8 Qxd8 39. Qf4+ Kg8 40. Bd5+ Kg7 41. Qf7+ Kh6 42.
Qf4+ Kg7 43. Qg4+ Kh8 44. Nf7# 1-0

[Event "Early-Titled-Tuesday-Blitz-April-23-2024"]
[Site "Chess.com"]
[Date "2024.04.23"]
[Round "6"]
[White "Grischuk"]
[Black "Nimrod_Veinberg"]
[Result "0-1"]
[WhiteElo "3071"]
[BlackElo "2800"]
[TimeControl "180+1"]
[EndTime "9:08:47 PDT"]
[Termination "Nimrod_Veinberg won on time"]

1. d4 d5 2. Nf3 Nf6 3. Bg5 Ne4 4.
Bh4 c5 5. e3 Nc6 6. Nbd2 Nxd2 7.
Qxd2 cxd4 8. Nxd4 Qb6 9. Be2 e5 10. Nxc6 bxc6 11. O-O Be6 12. c4 f6 13. cxd5 cxd5 14.
Bh5+ g6 15. Bf3 g5 16. Bh5+ Ke7 17. Bg3 Bg7 18. Kh1 Rhd8 19. Qc2 f5 20. f4 gxf4 21. exf4 e4 22. Bh4+ Kd6 23. Bxd8 Rxd8 24. g4 d4 25. gxf5 Bd5 26. Rad1 Qb7 27. Qg2 Bf6 28. b3 Rg8 29. Qe2 d3 30. Qe3 Qb6 31. Qh3 e3+ 32. Bf3 Qd4 33. Bxd5 Qxd5+ 34. Qf3 e2 35. Qxd5+ Kxd5 36. Rxd3+ Ke4 37. Rdf3 e1=Q 38. Rxe1+ Kxf3 39. h3 Kf2 40.
Re6 Rg1+ 41. Kh2 Bh4 0-1

[Event "Early-Titled-Tuesday-Blitz-April-23-2024"]
[Site "Chess.com"]
[Date "2024.04.23"]
[Round "6"]
[White "mbojan"]
[Black "Oleksandr_Bortnyk"]
[Result "0-1"]
[WhiteElo "2919"]
[BlackElo "3113"]
[TimeControl "180+1"]
[EndTime "9:08:47 PDT"]
[Termination "Oleksandr_Bortnyk won by resignation"]

1. a3 d5 2. g3 Bf5 3. Bg2 c6 4.
b3 e6 5. Bb2 Nd7 6. d3 Ngf6 7.
Nd2 h6 8. c4 Be7 9. Ngf3 O-O 10. Ne5 Nxe5 11. Bxe5 Ng4 12. Bb2 Bf6 13. Qc2 b5 14.
O-O bxc4 15. bxc4 Rb8 16. Rab1 Qa5 17. h3 Ne5 18. e4 Bh7 19. Nb3 Qa4 20. Bxe5 Bxe5 21.
cxd5 cxd5 22. exd5 exd5 23. Bxd5 Qxa3 24. Bc4 a5 25.
Nd2 Qc3 26. Qxc3 Bxc3 27. Ne4 Bd4 28. Nd6 Bg6 29. Kg2 Bc5 30. Ne4 Bd4 31. f4 Bxe4+ 32. dxe4 a4 33. Rfd1 Rxb1 34. Rxb1 Rc8 35. Bd5 a3 36. Rb4 Rc2+ 37. Kf3 Rc3+ 38. Kg2 Rd3 39. Ra4 g5 40. Bc4 Rd2+ 41. Kf3 Bc5 42. Bd5 Kg7 43. Kg4 gxf4 44. gxf4 Rd3 45. Ra5 Rc3 46. Kf5 h5 47. h4 Bb6 48. Ra6 Bf2 49. Ra7 Bxa7 0-1